Map: [ESL] Amphion

Players

Epic

  • Race: Terran Terran
  • Spawn Location: 7:00

Nina - Winner!

  • Race: Protoss Protoss
  • Spawn Location: 11:00

Event: ESL SC2 Masters 2024 Spring (Regional)

VOD

Have the link to the VOD?

Description

Time

  • Played on: April 20, 2024, 1:54 p.m.
  • Length: 16:17

All games in this series

Show
View Real Time Build Order
Export as new Build Order

Epic Terran 

Build Orders: 1/1/1 

Get SALT Encoding   

  12  0:00  SCV  
  13  0:12  SCV  
  14  0:17  Supply Depot  
  14  0:25  SCV  
  15  0:39  SCV  
  15  0:40  Barracks  
  16  0:44  Refinery  
  16  0:51  SCV  
  16  0:56  Refinery  
  17  1:03  SCV  
  18  1:15  SCV  
  19  1:27  Orbital Command, Reaper  
  19  1:29  Supply Depot  
  20  1:42  Factory  
  20  1:53  SCV  
  21  2:00  Barracks Reactor  
  21  2:05  SCV  
  22  2:18  Command Center  
  22  2:21  SCV  
  23  2:29  Starport  
  23  2:34  SCV  
  24  2:38  Supply Depot  
  24  2:40  Marine  
  24  2:42  Marine  
  26  2:47  SCV  
  29  2:51  Widow Mine  
  29  2:59  SCV  
  29  3:03  Marine x2  
  32  3:06  Medivac  
  32  3:12  SCV  
  35  3:13  Factory Tech Lab  
  35  3:21  Marine x2  
  35  3:24  SCV  
  38  3:29  Orbital Command  
  38  3:34  Siege Tank  
  38  3:38  SCV  
  38  3:41  Starport Tech Lab  
  42  3:45  Marine  
  42  3:46  Marine  
  44  3:50  SCV  
  44  3:55  SCV  
  46  3:56  Supply Depot  
  45  4:06  Marine x2  
  45  4:09  Viking  
  49  4:10  Cyclone  
  49  4:14  SCV  
  50  4:17  SCV  
  45  4:24  Marine x2  
  45  4:26  SCV  
  45  4:28  Barracks  
  45  4:29  SCV  
  47  4:32  Barracks  
  47  4:39  SCV  
  47  4:41  SCV  
  47  4:44  Marine x2  
  51  4:50  Refinery  
  51  4:51  Engineering Bay  
  51  4:52  SCV  
  52  4:53  SCV  
  53  5:04  SCV, Marine x2  
  53  5:05  SCV, Supply Depot  
  57  5:17  Factory Reactor  
  57  5:19  Starport Reactor, Terran Infantry Weapons Level 1  
  57  5:20  SCV x2  
  59  5:22  Marine x2  
  59  5:25  Stimpack  
  59  5:26  Marauder  
  61  5:30  Refinery  
  61  5:32  SCV x2, Combat Shield  
  61  5:33  Marauder  
  64  5:39  Supply Depot  
  64  5:41  Marine x2  
  66  5:44  SCV x2  
  66  5:47  Marauder  
  70  5:51  Supply Depot  
  70  6:00  Medivac x2  
  70  6:01  Widow Mine x2  
  70  6:02  Supply Depot  
  78  6:13  SCV x2, Marauder x2, Marine x2  
  78  6:17  Supply Depot  
  86  6:24  Widow Mine x2  
  90  6:32  Command Center  
  90  6:34  Medivac  
  90  6:35  Medivac  
  90  6:38  Marine x2  
  96  6:42  Supply Depot  
  96  6:43  Marauder  
  96  6:46  Marauder  
  100  6:51  Concussive Shells  
  100  6:56  Marine x2  
  97  7:07  Marauder x2  
  90  7:14  Widow Mine x2  
  90  7:15  Medivac x2  
  90  7:20  SCV x2  
  90  7:21  Terran Infantry Armor Level 1  
  89  7:32  Marine x2  
  89  7:33  Marauder x2  
  89  7:36  Barracks x2  
  95  7:37  SCV, Ghost Academy  
  95  7:38  SCV  
  95  7:43  Orbital Command  
  97  7:50  SCV x2  
  99  7:51  Viking  
  99  7:53  Viking  
  103  8:03  SCV x2  
  103  8:10  Marauder, Marine x2  
  103  8:11  Marauder  
  108  8:18  Orbital Command  
  97  8:29  SCV x2  
  97  8:31  Viking x2  
  93  8:35  Barracks Tech Lab, Marauder x2  
  93  8:38  Marine x2  
  93  8:39  Barracks Reactor  
  95  8:43  SCV x2  
  95  8:44  SCV  
  96  8:54  Ghost  
  98  8:55  Ghost  
  98  8:56  Starport  
  98  8:57  SCV x3  
  98  8:58  Marine x2  
  98  9:01  Viking  
  107  9:04  Medivac  
  107  9:09  Armory  
  109  9:10  SCV x3  
  109  9:12  Ghost  
  109  9:15  Marine x2  
  109  9:16  Marine x2  
  118  9:22  Supply Depot x2  
  118  9:25  Refinery x2  
  118  9:26  Ghost  
  118  9:28  Ghost  
  122  9:32  Supply Depot  
  122  9:33  Marine x2  
  122  9:34  Marine  
  125  9:43  Marine, Viking x2  
  125  9:44  Supply Depot x2  
  130  9:47  Viking  
  130  9:51  Marine x2  
  130  9:52  Marine, Viking  
  137  9:55  Supply Depot  
  137  9:58  Supply Depot  
  137  10:00  Ghost  
  137  10:05  Marauder x2  
  143  10:07  Supply Depot  
  143  10:09  Marine x2  
  143  10:10  Marine x2  
  147  10:16  Terran Infantry Weapons Level 2  
  147  10:21  Medivac  
  147  10:22  Command Center  
  147  10:26  Marauder  
  147  10:27  Marine x2, Marauder  
  154  10:31  Medivac  
  154  10:34  Medivac  
  158  10:38  Marine  
  158  10:39  Marine  
  158  10:40  Marauder  
  162  10:45  Marine x2  
  162  10:48  Marauder x2  
  168  10:57  Barracks, Viking  
  168  10:58  Barracks x2  
  168  10:59  Viking  
  168  11:02  Terran Ship Weapons Level 1  
  172  11:07  Marine x3  
  172  11:08  Marine  
  172  11:11  Marauder x2  
  180  11:15  Marauder  
  182  11:19  Supply Depot, Engineering Bay  
  180  11:34  Liberator x3  
  180  11:35  Liberator  
  190  11:50  Marauder x3  
  190  11:51  Barracks Tech Lab x3  
  196  11:55  Terran Infantry Armor Level 2  
  196  11:58  Planetary Fortress  
  196  12:01  SCV x3  
  199  12:11  Marine  
  200  12:23  Fusion Core  
  200  12:28  Command Center, Missile Turret  
  198  12:45  Ghost x3  
  198  12:47  Marauder x2, Marine x2  
  198  12:48  Marauder  
  169  13:05  Terran Ship Weapons Level 2  
  165  13:06  Terran Infantry Weapons Level 3  
  165  13:08  SCV x4  
  165  13:09  Marine x3, Marauder x3  
  165  13:10  Marine  
  177  13:13  Advanced Ballistics  
  177  13:14  Marauder  
  171  13:24  Marine  
  171  13:25  Marauder  
  143  13:29  Marine x3  
  143  13:30  Marine  
  143  13:31  Marauder x3  
  143  13:35  Marine  
  142  13:43  Marauder  
  142  13:45  Liberator x2  
  142  13:46  Marauder  
  142  13:47  Refinery, Marine  
  153  13:51  Refinery  
  153  13:52  Marauder  
  153  13:53  Liberator x2  
  155  14:00  Marauder x2, Marine x2  
  157  14:08  Ghost  
  159  14:10  Marauder, Marine  
  159  14:11  Marauder  
  159  14:13  Marauder  
  166  14:22  Marauder, Marine  
  166  14:23  Marauder  
  143  14:31  Ghost x2  
  137  14:38  Marine  
  137  14:39  Marauder x2  
  114  14:58  Marine  
  114  14:59  Marauder  
  112  15:07  Marauder x4, Marine x3  
  112  15:08  Marauder  
  123  15:16  Marine  
  123  15:18  Liberator x2  
  123  15:20  Marauder  
  132  15:25  Marine  
  132  15:26  Liberator x2  
  141  15:28  Marauder x2  
  138  15:43  Marauder  
  138  15:44  Marauder x3  
Show
View Real Time Build Order
Export as new Build Order

Nina Protoss - Winner!

Build Orders: 1 Gate Expand, Phoenix Opening, Colossus Rush 

Get SALT Encoding   

  12  0:00  Probe  
  13  0:12  Probe  
  14  0:18  Pylon  
  14  0:24  Probe  
  15  0:36  Gateway  
  15  0:38  Probe (Chrono Boost)  
  16  0:48  Probe (Chrono Boost)  
  17  0:52  Assimilator  
  17  0:53  Probe (Chrono Boost)  
  18  1:04  Probe  
  19  1:17  Probe  
  20  1:25  Nexus  
  20  1:34  Cybernetics Core  
  20  1:37  Probe  
  21  1:43  Assimilator  
  21  1:50  Pylon  
  21  1:51  Probe  
  22  2:02  Probe  
  22  2:07  Adept (Chrono Boost)  
  23  2:10  Probe  
  26  2:18  Stargate, Probe  
  27  2:29  Warp Gate  
  26  2:30  Probe (Chrono Boost)  
  26  2:34  Adept  
  29  2:40  Probe (Chrono Boost)  
  31  2:48  Probe (Chrono Boost)  
  31  2:50  Probe (Chrono Boost)  
  32  2:55  Probe x2 (Chrono Boost)  
  34  3:02  Phoenix (Chrono Boost)  
  36  3:06  Probe  
  36  3:07  Adept  
  36  3:11  Probe  
  40  3:17  Pylon  
  40  3:18  Probe  
  41  3:23  Probe  
  41  3:24  Phoenix (Chrono Boost)  
  44  3:30  Probe  
  45  3:35  Probe  
  46  3:42  Probe  
  46  3:44  Phoenix (Chrono Boost)  
  46  3:45  Assimilator  
  46  3:47  Probe  
  46  3:48  Pylon  
  50  3:51  Assimilator  
  50  3:56  Robotics Facility  
  50  4:01  Probe x2  
  44  4:18  Probe (Chrono Boost)  
  44  4:20  Phoenix  
  44  4:21  Probe (Chrono Boost)  
  47  4:33  Probe (Chrono Boost)  
  47  4:36  Probe (Chrono Boost)  
  48  4:39  Probe (Chrono Boost)  
  48  4:42  Probe (Chrono Boost)  
  50  4:47  Probe  
  50  4:51  Robotics Bay  
  51  4:54  Probe  
  51  4:59  Probe  
  53  5:01  Gateway  
  53  5:02  Nexus  
  53  5:06  Probe  
  54  5:09  Gateway  
  54  5:10  Sentry  
  54  5:12  Probe  
  57  5:18  Probe  
  57  5:20  Pylon  
  58  5:24  Probe  
  59  5:30  Probe  
  59  5:32  Shield Battery  
  59  5:33  Phoenix  
  59  5:35  Colossus (Chrono Boost)  
  62  5:38  Probe  
  70  5:42  Probe  
  70  5:43  Pylon  
  70  5:49  Pylon  
  70  5:56  Gateway  
  70  6:00  Extended Thermal Lance  
  70  6:01  Probe x2  
  70  6:03  Zealot x2  
  76  6:06  Sentry  
  76  6:11  Shield Battery  
  78  6:13  Probe  
  78  6:15  Pylon, Probe  
  81  6:24  Colossus (Chrono Boost)  
  86  6:28  Zealot  
  86  6:30  Zealot  
  90  6:35  Zealot  
  90  6:38  Probe x2  
  94  6:44  Probe  
  95  6:49  Zealot  
  95  6:53  Gateway  
  97  6:54  Gateway  
  97  6:55  Zealot x2  
  101  7:06  Stalker  
  101  7:08  Probe  
  96  7:14  Stalker  
  88  7:18  Colossus  
  94  7:27  Probe (Chrono Boost)  
  95  7:32  Forge, Probe (Chrono Boost)  
  95  7:33  Forge, Probe (Chrono Boost)  
  95  7:35  Twilight Council  
  96  7:37  Probe (Chrono Boost)  
  97  7:45  Probe (Chrono Boost)  
  97  7:46  Zealot x3  
  97  7:50  Pylon  
  103  7:53  Assimilator, Probe x2 (Chrono Boost)  
  105  8:02  Nexus  
  105  8:06  Pylon  
  105  8:11  Colossus  
  111  8:17  Protoss Ground Weapons Level 1 (Chrono Boost), Protoss Ground Armor Level 1 (Chrono Boost)  
  110  8:22  Zealot x4  
  110  8:24  Pylon  
  105  8:35  Probe  
  106  8:44  Probe (Chrono Boost)  
  106  8:45  Charge (Chrono Boost)  
  107  8:51  Phoenix, Probe (Chrono Boost)  
  111  8:58  Probe x2 (Chrono Boost)  
  111  9:01  Templar Archives  
  112  9:03  Photon Cannon  
  112  9:04  Stalker x4, Probe (Chrono Boost)  
  112  9:05  Probe (Chrono Boost)  
  112  9:07  Photon Cannon  
  112  9:09  Shield Battery  
  128  9:11  Disruptor  
  128  9:14  Robotics Facility, Probe  
  128  9:16  Probe x2  
  129  9:22  Stalker x2  
  133  9:25  Probe  
  133  9:26  Pylon  
  133  9:29  Photon Cannon  
  134  9:32  Probe  
  134  9:34  Zealot  
  134  9:35  Zealot  
  134  9:36  Pylon  
  139  9:43  High Templar  
  139  9:44  High Templar  
  143  9:49  Archon  
  143  9:50  Zealot, Gateway  
  143  9:51  Zealot, Gateway  
  143  9:52  Gateway  
  147  9:54  Assimilator x2  
  147  9:55  Pylon, Zealot  
  147  9:58  Observer (Chrono Boost)  
  147  9:59  Zealot  
  151  10:00  Observer (Chrono Boost)  
  153  10:12  Stalker x2  
  157  10:15  Disruptor (Chrono Boost)  
  157  10:16  Disruptor (Chrono Boost)  
  165  10:23  Probe x3  
  165  10:26  Stalker x2  
  172  10:32  Protoss Ground Armor Level 2 (Chrono Boost)  
  172  10:35  Protoss Ground Weapons Level 2 (Chrono Boost)  
  172  10:37  Pylon x2  
  172  10:39  Pylon  
  172  10:47  Shield Battery  
  172  10:50  Photon Cannon  
  172  10:52  Photon Cannon  
  172  10:53  Photon Cannon  
  172  10:54  Disruptor  
  172  10:56  Disruptor  
  180  11:00  Nexus  
  180  11:06  Stalker x2, Shield Battery  
  180  11:07  Zealot x2  
  188  11:17  Zealot x4, Blink (Chrono Boost)  
  196  11:30  Disruptor  
  196  11:32  Zealot x2  
  194  11:50  Zealot  
  194  11:54  Pylon  
  196  11:56  Pylon  
  196  11:59  Pylon  
  196  12:00  Pylon  
  196  12:06  Zealot  
  196  12:11  Probe  
  196  12:15  Zealot, Gateway  
  199  12:16  Gateway  
  199  12:18  Photon Cannon  
  199  12:19  Photon Cannon  
  197  12:39  Protoss Ground Armor Level 3  
  197  12:47  Stalker  
  197  12:49  Protoss Ground Weapons Level 3 (Chrono Boost)  
  199  12:56  Disruptor  
  199  12:59  Disruptor  
  199  13:02  Stalker x3  
  199  13:11  Stalker  
  199  13:15  Gateway  
  199  13:17  Gateway  
  199  13:18  Gateway  
  147  13:30  Stalker x8  
  147  13:31  Stalker x2  
  147  13:32  Colossus  
  167  13:34  Colossus  
  167  13:39  Robotics Facility  
  173  13:41  Stalker  
  173  13:44  Probe  
  173  13:46  Assimilator  
  160  14:03  Zealot x9  
  160  14:04  Zealot  
  160  14:05  Probe x2  
  160  14:08  Assimilator  
  182  14:12  Photon Cannon  
  182  14:14  Photon Cannon  
  182  14:17  Nexus  
  180  14:25  Colossus  
  180  14:28  Colossus  
  180  14:33  Zealot x10  
  168  14:53  Disruptor  
  158  15:01  Stalker x2  
  158  15:02  Stalker x6  
  158  15:06  Pylon  
  172  15:15  Stalker  
  172  15:16  Stalker x5  
  172  15:19  Colossus  
  190  15:23  Photon Cannon  
  190  15:29  Probe  
  190  15:30  Probe  
  188  15:45  Stalker x4  
  188  15:46  Stalker x2  
  190  16:06  Stalker x6  
  184  16:14  Stalker x2  
  192  16:15  Stalker x2  
Tags
 
Add a new tag
Caveats
  • Supply blocks, unpowered buildings, or Contaminate may cause inaccurate times.
  • Supply counts are checked every 10 seconds.